 Dungeon Crawl Stone Soup version 0.31.0-9-g3a7656b989 (webtiles) character file.

Game seed: 3019823815631590326

11405 qw the Markself (level 11, -10/73 HPs)
             Began as a Deep Elf Hunter on Feb 2, 2024.
             Was a Believer of Okawaru.
             Killed from afar by a deep elf pyromancer (16 damage)
             ... with a bolt of fire
             ... on level 9 of the Dungeon.
             The game lasted 00:00:40 (7107 turns).

qw the Markself (Deep Elf Hunter)                   Turns: 7107, Time: 00:00:41

Health: -10/73     AC:  8    Str: 12    XL:     11   Next: 48%
Magic:  16/16      EV: 23    Int: 15    God:    Okawaru [**....]
Gold:   38         SH:  0    Dex: 18    Spells: 10/10 levels left

rFire   + . .        r - +0 orcbow
rCold   . . .        (shield currently unavailable)
rNeg    . . .        a - +0 troll leather armour
rPois   .            g - +1 helmet
rElec   .            (no cloak)
rCorr   .            q - +1 pair of gloves
SInv    .            b - +0 pair of boots
Will    +....        (no amulet)
Stlth   ++           f - +5 ring of evasion
HPRegen 1.12/turn    (no ring)
MPRegen 0.15/turn

%: no passive effects
@: no status effects
A: fire resistance 1
a: Renounce Religion, Heroism


You were on level 9 of the Dungeon.
You worshipped Okawaru.
Okawaru was pleased with you.
You visited 2 branches of the dungeon, and saw 10 of its levels.

You collected 445 gold pieces.
You spent 407 gold pieces at shops.


Innate Abilities, Weirdness & Mutations

Your flesh is heat resistant. (rF+)


   Skills:
 - Level 10.3 Fighting
 + Level 15.2 Ranged Weapons
 - Level 2.0 Armour
 - Level 10.3 Dodging
 - Level 1.2 Stealth
 - Level 4.3 Invocations


You had 10 spell levels left.
You didn't know any spells.
Your spell library was empty.

Inventory:

Hand Weapons
 r - a +0 orcbow (weapon)
Armour
 a - a +0 troll leather armour (worn)
 b - a +0 pair of boots (worn)
 g - a +1 helmet (worn)
 q - a +1 pair of gloves (worn)
Jewellery
 c - the ring "Rarigi Lixi" {rF+ Will+ Slay+2 Stlth+}
   (You took it off a deep elf zephyrmancer on level 9 of the Dungeon)

   [ring of willpower]

   Slay+2:    It affects your accuracy & damage with ranged weapons and melee
   (+2).
   rF+:       It protects you from fire.
   Will+:     It increases your willpower.
   Stlth+:    It makes you more stealthy.
 f - a +5 ring of evasion (left hand)
 h - an amulet of guardian spirit
 j - a ring of poison resistance
Wands
 m - a wand of mindburst (17)
 o - a wand of charming (8)
Scrolls
 n - a scroll of identify
Potions
 d - 2 potions of mutation
 i - 8 potions of curing
 k - a potion of cancellation
 l - a potion of brilliance {unknown}
 p - a potion of might

Dungeon Overview and Level Annotations

Branches:
Dungeon (9/15)             Temple (1/1) D:4            Lair (0/5) D:9
    Orc: D:9-12

Altars:
Cheibriados
Dithmenos
Fedhas
Gozag
Hepliaklqana
Kikubaaqudgha
Makhleb
Nemelex Xobeh
Okawaru
Qazlal
Ru
Sif Muna
Trog
Uskayaw
Vehumet
Wu Jian
Xom
Zin
The Shining One

Shops:
D:2 ?   D:4 =   D:8 !   D:9 ?

Annotations:
D:6 1 runed translucent door, Crazy Yiuf
D:8 2 runed translucent doors, qw's ghost, novice DjHu


Message History

The fire elemental completely misses you.
You shoot an arrow.
The arrow barely misses the fire elemental.
The liquid fire burns you! The fire elemental closely misses you.
The deep elf pyromancer closely misses you.
You shoot an arrow.
The arrow barely misses the fire elemental.
The liquid fire burns you! The fire elemental barely misses you.
You shoot an arrow. The arrow hits the fire elemental!
The fire elemental is moderately damaged.
The deep elf pyromancer mumbles some strange words.
The deep elf pyromancer blinks!
The fire elemental closely misses you.
You shoot an arrow.
The arrow barely misses the fire elemental.
The fire elemental completely misses you.
You shoot an arrow. The arrow hits the fire elemental.
The fire elemental is heavily damaged.
The fire elemental misses you.
You shoot an arrow.
The arrow barely misses the fire elemental.
The fire elemental completely misses you.
You shoot an arrow. The arrow misses the fire elemental.
You shoot an arrow. The arrow hits the fire elemental.
The fire elemental is severely damaged.
The fire elemental misses you.
You shoot an arrow.
The arrow barely misses the fire elemental.
You feel like a meek peon again. The fire elemental hits you.
The fire elemental burns you! You resist.
You shoot an arrow.
The arrow closely misses the fire elemental.
The fire elemental completely misses you.
You shoot an arrow. The arrow hits the fire elemental!
You destroy the fire elemental!
The fire elemental disappears in a puff of smoke!
The deep elf pyromancer points at you and mumbles some strange words.
The bolt of fire hits you! You resist.
You die...

#........#...
#..###..##.##.
...# #.
#..#...## ...
# #.##.....
#.. .#
#........
#.#####.#
#####+###
#.#.....
##.#.#.#
#..#.@# #0#
#..#.#ยค.e..#
##.'..#.#.#..0
#%#.#.....
#.#..#.#.#
#.#.#.#.#.#
#.#...).....
#.### #.####
#..# .#


You could see a deep elf pyromancer.

Vanquished Creatures
  2 two-headed ogres (D:9)
  Pikel (D:6)
  A deep elf zephyrmancer (D:9)
  An orc sorcerer (D:9)
  A kobold demonologist (D:9)
  2 trolls
  Prince Ribbit (D:8)
  A slime creature (D:9)
  A shadow (D:9)
  2 yaks (D:9)
  3 wyverns
  A basilisk (D:9)
  Menkaure (D:6)
  4 steam dragons
  2 water moccasins
  5 ice beasts
  5 sky beasts
  A black bear (D:7)
  An orc warrior (D:9)
  2 ogres (D:5)
  A lemure (D:6)
  3 centaurs (D:9)
  A kobold brigand (D:8)
  A phantom (D:6)
  A gnoll sergeant (D:9)
  2 scorpions
  4 bullfrogs
  A wight (D:6)
  5 howler monkeys
  A crimson imp (D:7)
  3 jellies
  2 orc priests
  2 bombardier beetles
  A hound (D:4)
  A gnoll bouda (D:4)
  4 iguanas
  A sleepcap (D:7)
  4 orc wizards
  A statue (D:4)
  7 adders
  7 gnolls
  A shadow imp (D:7)
  A white imp (D:5)
  A dart slug (D:1)
  3 ribbon worms
  20 orcs
  5 ball pythons
  5 bats
  4 endoplasms
  4 giant cockroaches
  12 goblins
  5 hobgoblins
  2 jackals (D:4)
  14 kobolds
  5 quokkas
  7 frilled lizards
  12 rats
192 creatures vanquished.

Notes
Turn   | Place    | Note
-------+----------+-------------------------------------------
     0 | D:1      | qw the Deep Elf Hunter began the quest for the Orb.
     0 | D:1      | Reached XP level 1. HP: 12/12 MP: 3/3
     0 | D:1      | 0 ||| qw: Version: 0.3-a-155-g5e7d8dd
     0 | D:1      | 0 ||| qw: Game counter: 585
     0 | D:1      | 0 ||| qw: Melee chars always use a shield: true
     0 | D:1      | 0 ||| qw: God list: Okawaru
     0 | D:1      | 0 ||| qw: Allow faded altars: false
     0 | D:1      | 0 ||| qw: Do Orc after clearing Dungeon:15 true
     0 | D:1      | 0 ||| qw: Do second Lair branch before Depths: true
     0 | D:1      | 0 ||| qw: Lair rune preference: random
     0 | D:1      | 0 ||| qw: Goals: Normal
     0 | D:1      | 0 ||| PLANNING D:1-11
    88 | D:1      | Reached skill level 6 in Ranged Weapons
    88 | D:1      | Reached XP level 2. HP: 16/16 MP: 4/4
   450 | D:1      | Found a faded altar of an unknown god.
   530 | D:1      | Reached XP level 3. HP: 20/20 MP: 5/5
   722 | D:1      | 722 ||| READING scroll labelled XYAPTE GETIN.
   723 | D:1      | 723 ||| READING scroll labelled LOER ASUPROO.
   724 | D:1      | 724 ||| READING scroll labelled MIUGHENKIH.
   725 | D:1      | 725 ||| DROPPING scroll of butterflies.
   761 | D:2      | 761 ||| STAIRDANCE
   786 | D:2      | Found Napiasch's Magic Scroll Shoppe.
   793 | D:2      | Reached skill level 7 in Ranged Weapons
   840 | D:2      | HP: 5/20 [poisoned by an adder]
   870 | D:2      | 870 ||| FLEEEEING.
   872 | D:2      | 872 ||| STAIRDANCE
   912 | D:1      | 912 ||| READING scroll labelled TUONWUO XITO.
   980 | D:2      | 980 ||| SHOPLISTING 2 scrolls of teleportation (66 gold,
                  | have 62).
   980 | D:2      | 980 ||| BUYING scroll of identify (22 gold).
   980 | D:2      | Bought a scroll of identify for 22 gold pieces
   980 | D:2      | 980 ||| BUYING scroll of identify (22 gold).
   980 | D:2      | Bought a scroll of identify for 22 gold pieces
   980 | D:2      | 980 ||| SHOPLISTING scroll of identify (22 gold, have 18).
   980 | D:2      | 980 ||| SHOPLISTING scroll of teleportation (33 gold, have
                  | 18).
   988 | D:2      | Reached XP level 4. HP: 25/25 MP: 6/6
  1375 | D:2      | 1375 ||| UPGRADING to +0 ring mail.
  1385 | D:2      | 1385 ||| DROPPING +0 leather armour.
  1386 | D:2      | 1386 ||| READING 2 scrolls of identify.
  1386 | D:2      | 1386 ||| IDENTIFYING green potion
  1387 | D:2      | 1387 ||| READING scroll of identify.
  1387 | D:2      | 1387 ||| IDENTIFYING black potion
  1388 | D:2      | 1388 ||| READING 4 scrolls labelled OZYEDA EFYUSH.
  1389 | D:2      | 1389 ||| DRINKING 2 metallic inky potions.
  1389 | D:2      | Gained mutation: Your flesh is heat resistant. (rF+)
                  | [potion of mutation]
  1390 | D:2      | 1390 ||| DROPPING potion of ambrosia.
  1391 | D:2      | 1391 ||| DROPPING 3 scrolls of blinking.
  1392 | D:2      | 1392 ||| DROPPING potion of attraction.
  1551 | D:3      | Reached skill level 8 in Ranged Weapons
  1560 | D:3      | HP: 6/25 [burnt (1)]
  1745 | D:3      | Reached XP level 5. HP: 29/29 MP: 7/7
  1880 | D:3      | 1880 ||| DRINKING 2 purple potions.
  2078 | D:4      | Found a radiant altar of Vehumet.
  2078 | D:4      | Noticed a charred statue
  2080 | D:4      | 2080 ||| FLEEEEING.
  2081 | D:4      | 2081 ||| FLEEEEING.
  2082 | D:4      | 2082 ||| FLEEEEING.
  2126 | D:4      | 2126 ||| SWAPPING to +4 sling of freezing.
  2127 | D:4      | 2127 ||| DROPPING +0 shortbow.
  2202 | D:4      | Found a staircase to the Ecumenical Temple.
  2203 | D:4      | 2203 ||| PLANNING TEMPLE
  2203 | D:4      | 2203 ||| UPGRADING to +1 helmet.
  2208 | D:4      | 2208 ||| UPGRADING to +5 ring of evasion.
  2209 | D:4      | 2209 ||| READING scroll of identify.
  2209 | D:4      | 2209 ||| IDENTIFYING murky blue potion
  2210 | D:4      | 2210 ||| READING scroll labelled VEDOMN RAOSMU.
  2213 | D:4      | 2213 ||| FLEEEEING.
  2226 | D:4      | 2226 ||| FLEEEEING.
  2327 | D:4      | 2327 ||| DROPPING potion of invisibility.
  2338 | D:4      | Reached skill level 9 in Ranged Weapons
  2342 | Temple   | Entered the Ecumenical Temple
  2343 | Temple   | 2343 ||| PLANNING D:1-11
  2446 | D:4      | Reached XP level 6. HP: 31/35 MP: 8/8
  2598 | D:4      | Found Hileis's Jewellery Shop.
  2603 | D:4      | 2603 ||| SHOPLISTING +4 ring of protection (432 gold, have
                  | 85).
  2603 | D:4      | 2603 ||| SHOPLISTING amulet of faith (480 gold, have 85).
  2603 | D:4      | 2603 ||| SHOPLISTING amulet of reflection (360 gold, have
                  | 85).
  2603 | D:4      | 2603 ||| SHOPLISTING amulet of regeneration (360 gold, have
                  | 85).
  2603 | D:4      | 2603 ||| SHOPLISTING amulet of the acrobat (360 gold, have
                  | 85).
  2603 | D:4      | 2603 ||| SHOPLISTING ring "Jietaug" {*Corrode rElec rPois
                  | rF++ Slay+4} (1268 gold, have 85).
  2603 | D:4      | 2603 ||| SHOPLISTING ring "Teps" {Will+ EV+5 Dex+4} (684
                  | gold, have 85).
  2603 | D:4      | 2603 ||| SHOPLISTING ring of fire (300 gold, have 85).
  2603 | D:4      | 2603 ||| SHOPLISTING ring of protection from cold (300
                  | gold, have 85).
  2752 | D:4      | Reached skill level 10 in Ranged Weapons
  2763 | D:4      | 2763 ||| UPGRADING to +0 pair of boots.
  2777 | D:5      | Entered Level 5 of the Dungeon
  2918 | D:5      | Noticed an ice beast
  2927 | D:5      | Killed an ice beast
  2928 | D:5      | Reached skill level 1 in Armour
  2983 | D:5      | Reached skill level 3 in Dodging
  2983 | D:5      | Reached XP level 7. HP: 40/40 MP: 9/9
  3205 | D:5      | Reached skill level 11 in Ranged Weapons
  3556 | D:5      | 3556 ||| READING scroll of identify.
  3556 | D:5      | 3556 ||| IDENTIFYING white potion
  3557 | D:5      | 3557 ||| READING scroll labelled KOENNO PYUGE.
  3630 | D:5      | 3630 ||| READING scroll labelled JYEFANO JODELU.
  3630 | D:5      | 3630 ||| BRANDING +4 sling of freezing.
  3631 | D:5      | 3631 ||| DROPPING potion of magic.
  3668 | D:6      | Found a blossoming altar of Fedhas.
  3691 | D:6      | Noticed Pikel
  3692 | D:6      | 3692 ||| RETREEEEATING.
  3693 | D:6      | 3693 ||| ZAPPING wand of mindburst (13) at -3,-7 (Pikel;
                  | floor).
  3696 | D:6      | 3696 ||| ZAPPING wand of mindburst (12) at -1,-5 (Pikel;
                  | floor).
  3712 | D:6      | 3712 ||| ZAPPING wand of mindburst (11) at 0,-1 (Pikel;
                  | floor).
  3713 | D:6      | 3713 ||| ZAPPING wand of mindburst (10) at 0,-1 (Pikel;
                  | floor).
  3713 | D:6      | Killed Pikel
  3714 | D:6      | Reached skill level 13 in Ranged Weapons
  3714 | D:6      | Reached XP level 8. HP: 32/44 MP: 10/10
  3810 | D:6      | Noticed a troll
  3824 | D:6      | Killed a troll
  3825 | D:6      | Reached skill level 3 in Fighting
  3926 | D:6      | Found a sparkling altar of Nemelex Xobeh.
  4172 | D:6      | Found a runed translucent door.
  4173 | D:6      | Noticed Crazy Yiuf
  4204 | D:6      | Noticed Menkaure
  4214 | D:6      | Killed Menkaure
  4215 | D:6      | Reached skill level 14 in Ranged Weapons
  4215 | D:6      | Reached XP level 9. HP: 52/52 MP: 11/11
  4343 | D:6      | 4343 ||| FLEEEEING.
  4344 | D:6      | 4344 ||| FLEEEEING.
  4345 | D:6      | 4345 ||| FLEEEEING.
  4346 | D:6      | 4346 ||| FLEEEEING.
  4347 | D:6      | 4347 ||| FLEEEEING.
  4559 | D:6      | Found a hazy altar of Hepliaklqana.
  4792 | D:6      | 4792 ||| UPGRADING to +0 troll leather armour.
  4802 | D:6      | 4802 ||| DROPPING +0 ring mail.
  4803 | D:6      | 4803 ||| UPGRADING to +1 pair of gloves.
  4808 | D:6      | 4808 ||| READING scroll labelled WYIRGHU KAKHLIS.
  4809 | D:6      | 4809 ||| DRINKING 2 lumpy pink potions.
  4847 | D:7      | Found Zin's Purification Station.
  4850 | D:7      | Found a glowing silver altar of Zin.
  4853 | D:7      | 4853 ||| BUYING potion of curing (90 gold).
  4853 | D:7      | Bought a potion of curing for 90 gold pieces
  5098 | D:7      | Found a burning altar of Makhleb.
  5172 | D:7      | Reached skill level 6 in Dodging
  5585 | D:7      | 5585 ||| UPGRADING to amulet of guardian spirit.
  5590 | D:7      | 5590 ||| READING 3 scrolls of identify.
  5590 | D:7      | 5590 ||| IDENTIFYING fizzy brown potion
  5591 | D:7      | 5591 ||| DRINKING potion of experience.
  5591 | D:7      | Reached XP level 10. HP: 68/68 MP: 12/12
  5592 | D:7      | 5592 ||| READING 2 scrolls of identify.
  5592 | D:7      | 5592 ||| IDENTIFYING blue potion
  5593 | D:7      | 5593 ||| READING scroll of identify.
  5593 | D:7      | 5593 ||| IDENTIFYING murky red potion
  5594 | D:7      | 5594 ||| DROPPING potion of berserk rage.
  5697 | D:8      | Noticed Prince Ribbit
  5706 | D:8      | Killed Prince Ribbit
  5794 | D:8      | Found a runed translucent door.
  5794 | D:8      | Noticed qw's ghost (novice DjHu)
  5817 | D:8      | Found an ancient bone altar of Kikubaaqudgha.
  5837 | D:8      | Found Gopasuff's Distillery.
  5850 | D:8      | 5850 ||| BUYING 2 potions of curing (78 gold).
  5850 | D:8      | Bought 2 potions of curing for 78 gold pieces
  5850 | D:8      | 5850 ||| BUYING potion of cancellation (104 gold).
  5850 | D:8      | Bought a potion of cancellation for 104 gold pieces
  5850 | D:8      | 5850 ||| BUYING potion of curing (39 gold).
  5850 | D:8      | Bought a potion of curing for 39 gold pieces
  5850 | D:8      | 5850 ||| SHOPLISTING potion of enlightenment (65 gold, have
                  | 58).
  5850 | D:8      | 5850 ||| BUYING potion of might (52 gold).
  5850 | D:8      | Bought a potion of might for 52 gold pieces
  5850 | D:8      | 5850 ||| SHOPLISTING potion of resistance (130 gold, have
                  | 6).
  6009 | D:8      | Found a stormy altar of Qazlal.
  6029 | D:8      | Found an iron altar of Okawaru.
  6030 | D:8      | 6030 ||| PLANNING OKAWARU WORSHIP
  6030 | D:8      | 6030 ||| READING scroll labelled BISHINLIFOD.
  6076 | D:8      | Found a runed translucent door.
  6080 | D:8      | Found the +0 toga "Victory" {*Victory Clar}
  6082 | D:8      | Became a worshipper of Warmaster Okawaru
  6083 | D:8      | 6083 ||| PLANNING D:1-11
  6083 | D:8      | 6083 ||| REMOVING amulet of guardian spirit.
  6652 | D:9      | Identified the ring "Rarigi Lixi" {rF+ Will+ Slay+2 Stlth+}
  6652 | D:9      | Noticed a deep elf zephyrmancer
  6653 | D:9      | Reached skill level 9 in Dodging
  6653 | D:9      | 6653 ||| DRINKING potion of haste.
  6653 | D:9      | Noticed an orc sorcerer
  6663 | D:9      | Killed an orc sorcerer
  6663 | D:9      | Reached * piety under Okawaru
  6664 | D:9      | Reached XP level 11. HP: 73/73 MP: 13/13
  6672 | D:9      | Killed a deep elf zephyrmancer
  6673 | D:9      | Reached skill level 1 in Invocations
  6717 | D:9      | Noticed a two-headed ogre
  6721 | D:9      | 6721 ||| INVOKING Heroism.
  6724 | D:9      | 6724 ||| RETREEEEATING.
  6725 | D:9      | 6725 ||| RETREEEEATING.
  6731 | D:9      | Killed a two-headed ogre
  6733 | D:9      | Reached skill level 3 in Invocations
  6775 | D:9      | 6775 ||| SWAPPING to +0 orcbow.
  6776 | D:9      | 6776 ||| DROPPING +0 shortbow.
  6777 | D:9      | 6777 ||| DROPPING +4 sling of draining.
  6793 | D:9      | Reached ** piety under Okawaru
  6823 | D:9      | Noticed a two-headed ogre
  6824 | D:9      | 6824 ||| RETREEEEATING.
  6830 | D:9      | 6830 ||| RETREEEEATING.
  6831 | D:9      | 6831 ||| RETREEEEATING.
  6832 | D:9      | 6832 ||| INVOKING Heroism.
  6840 | D:9      | Killed a two-headed ogre
  6937 | D:9      | Found Leyti's Magic Scroll Shoppe.
  6952 | D:9      | Found a staircase to the Lair.
  6953 | D:9      | 6953 ||| SHOPLISTING scroll of enchant weapon (120 gold,
                  | have 38).
  6953 | D:9      | 6953 ||| SHOPLISTING scroll of teleportation (48 gold, have
                  | 38).
  6999 | D:9      | 6999 ||| RETREEEEATING.
  7015 | D:9      | Reached skill level 15 in Ranged Weapons
  7049 | D:9      | Noticed a deep elf pyromancer
  7050 | D:9      | 7050 ||| INVOKING Heroism.
  7078 | D:9      | 7078 ||| INVOKING Heroism.
  7083 | D:9      | HP: 17/73 [fire elemental[a deep elf pyromancer] (3)]
  7084 | D:9      | 7084 ||| DRINKING 2 potions of heal wounds.
  7091 | D:9      | HP: 15/73 [burnt (4)]
  7092 | D:9      | 7092 ||| DRINKING potion of heal wounds.
  7096 | D:9      | HP: 8/73 [burnt (1)]
  7105 | D:9      | HP: 5/73 [fire elemental[a deep elf pyromancer] (6)]
  7107 | D:9      | Killed from afar by a deep elf pyromancer

Levels and vault maps discovered:
D:1:      mainiacjoe_arrival_oval_in_oval, layout_basic,
          hellmonk_ecumenical_altar_crossroads, lexackson_kobold_supper
D:2:      layout_rooms, serial_shops, nicolae_shop_statue_plus,
          minmay_goblin_kobold_house
D:3:      layout_rooms
D:4:      layout_basic, vehumet_statue, minmay_temple_entry_mist, serial_shops,
          kennysheep_little_box
D:5:      layout_basic
D:6:      lemuel_ice_spiral_2, layout_basic, fedhas_ov_isle_minmay,
          lemuel_coloured_pillars_altar, mainiacjoe_overflow_small_starburst,
          minmay_fractal_squares_gapless_5, uniq_pikel, uniq_menkaure,
          uniq_crazy_yiuf_cottage
D:7:      layout_loops_cross, zin_purify, makhleb_grotto_becter
D:8:      layout_loops_cross, mainiacjoe_overflow_boulevard,
          nicolae_overflow_guarded_unrand_okawaru_victory,
          nicolae_kikubaaqudgha_miasma_corner, serial_shops, shop,
          hellmonk_ghost_happy_afterlife, dreamdust_princess_bridge,
          uniq_prince_ribbit1
D:9:      minmay_the_grid_plus_closed [minmay_the_grid_gridbox,
          minmay_the_grid_spikes, minmay_the_grid_tri_star,
          minmay_the_grid_medium_cups, minmay_the_grid_prize_shrinking_boxes],
          layout_cave_pods, lair_entry_dummy, serial_shops,
          nicolae_shop_crystal, minmay_hollow_rounded_squares
Temple:   jpeg_temple_alley_garden

Skill      XL: |  1  2  3  4  5  6  7  8  9 10 11 |
---------------+----------------------------------+-----
Ranged Weapons | 6 7 8 9 10 13 14 15 | 15.2
Fighting       | 2 3 10 | 10.3
Armour         | 1 2 |  2.0
Dodging        | 3 4 7 9 10 | 10.3
Invocations    | 4 |  4.3
Stealth        | |  1.2

Action                     |  1- 3 |  4- 6 |  7- 9 | 10-12 || total
---------------------------+-------+-------+-------+-------++-------
   Fire: Shortbow          |   111 |   115 |       |       ||   226
         Sling             |       |    64 |   202 |   157 ||   423
         Orcbow            |       |       |       |   173 ||   173
 Invoke: Heroism           |       |       |       |     4 ||     4
  Evoke: Wand              |       |       |     4 |       ||     4
    Use: Scroll            |     4 |     5 |     5 |     3 ||    17
         Potion            |       |     2 |     2 |     3 ||     7
 Armour: Leather armour    |    15 |    19 |       |       ||    34
         Ring mail         |       |    28 |    17 |       ||    45
         Troll leather arm |       |       |     3 |    74 ||    77
  Dodge: Dodged            |    17 |    52 |    35 |   146 ||   250

Table legend:
 A = Non-vault XP
 B = Vault XP
 C = Vault XP percentage of total XP
 D = Non-vault monster count
 E = Vault monster count
 F = Vault count percentage of total count
                 A         B        C        D         E       F
            +---------+---------+-------+---------+---------+-------
      Total |    5825 |    6410 |  52.4 |     152 |      39 |  20.4
            +---------+---------+-------+---------+---------+-------
        D:1 |      32 |      11 |  25.6 |      19 |       8 |  29.6
        D:2 |      74 |       8 |   9.8 |      25 |       4 |  13.8
        D:3 |      74 |       0 |   0.0 |      12 |       0 |   0.0
        D:4 |     279 |      32 |  10.3 |      19 |       1 |   5.0
        D:5 |     602 |       0 |   0.0 |      19 |       0 |   0.0
        D:6 |     995 |    1167 |  54.0 |       9 |       5 |  35.7
        D:7 |     810 |      50 |   5.8 |      13 |       1 |   7.1
        D:8 |    1570 |     268 |  14.6 |      21 |       1 |   4.5
        D:9 |    1389 |    4874 |  77.8 |      15 |      19 |  55.9
            +---------+---------+-------+---------+---------+-------
